 Dungeon Crawl Stone Soup version 0.29-a0-375-g5102b3be25 (webtiles) character file.

Game seed: 11154109007109614735

31731 HendSelp the Slicer (level 13, -16/68 HPs)
             Began as a Vine Stalker Fighter on May 2, 2022.
             Was an Initiate of Gozag.
             Killed by an exploding elephant (31 damage)
             ... ignited by their inner flame
             ... on level 5 of the Lair of Beasts on May 3, 2022.
             The game lasted 00:24:18 (13958 turns).

HendSelp the Slicer (Vine Stalker Fighter)         Turns: 13958, Time: 00:24:20

Health: -16/68     AC: 18    Str: 20    XL:     13   Next: 60%
Magic:  0/14       EV: 22    Int:  8    God:    Gozag
Gold:   1159       SH: 13    Dex: 23    Spells: 12/12 levels left

rFire   . . .      SeeInvis +   a - +1 rapier
rCold   . . .      Faith    .   c - +0 buckler
rNeg    . . .      Spirit   +   B - +4 scale mail "Uvvur" {rPois Dex+2}
rPois   +          Reflect  +   (no helmet)
rElec   .          Harm     .   I - +1 cloak of Starlight {*Dazzle EV+4 Stlth--}
rCorr   .          Rampage  .   g - +0 pair of fencer's gloves {Riposte Dex+3}
Will    +....                   s - +1 pair of boots
Stlth   ..........              h - amulet of reflection
HPRegen 1.01/turn               m - ring of see invisible
MPRegen 0.14/turn               D - +4 ring of evasion

@: gold aura, hasted, very quick
A: fangs 3, regeneration 1, magic shield, antimagic bite, no potion heal 2
a: Renounce Religion, Potion Petition, Call Merchant, Bribe Branch


You were on level 5 of the Lair of Beasts.
You worshipped Gozag.
Gozag was most pleased with you.
You visited 3 branches of the dungeon, and saw 18 of its levels.
You also visited: Ossuary.

You collected 3919 gold pieces.
You spent 1692 gold pieces at shops.
You paid 1068 gold pieces to Gozag.

Inventory:

Hand Weapons
 a - a +1 rapier (weapon)
Missiles
 C - 3 throwing nets (quivered)
Armour
 c - a +0 buckler (worn)
 g - the +0 pair of fencer's gloves (worn) {Riposte Dex+3}
   (You bought it in a shop on level 9 of the Dungeon)

   It allows the wearer to riposte with melee weapons, swiftly retaliating
   against missed attacks.
   Dex:       It affects your dexterity (+3).
 s - a +1 pair of boots (worn)
 B - the +4 scale mail "Uvvur" (worn) {rPois Dex+2}
   (You found it on level 9 of the Dungeon)

   Dex:       It affects your dexterity (+2).
   rPois:     It protects you from poison.
 I - the +1 cloak of Starlight (worn) {*Dazzle EV+4 Stlth--}
   (You bought it in a shop on level 9 of the Dungeon)

   It may blind those who miss an attack against the wearer in melee combat.
   EV:        It affects your evasion (+4).
   Stlth:     It makes you much less stealthy.
Jewellery
 b - a ring of flight
 h - an amulet of reflection (around neck)
 m - a ring of see invisible (left hand)
 D - a +4 ring of evasion (right hand)
 G - a ring of wizardry
Wands
 u - a wand of iceblast (25)
 y - a wand of polymorph (10)
 L - a wand of acid (4)
Scrolls
 k - 2 scrolls of amnesia
 n - 2 scrolls of fog
 r - 3 scrolls of magic mapping
 t - a scroll of poison
 v - 4 scrolls of enchant weapon
 w - a scroll of blinking
 E - 5 scrolls of identify
 H - a scroll of teleportation
 J - a scroll of immolation
Potions
 d - 3 potions of magic
 e - 10 potions of curing
 f - 5 potions of heal wounds
 j - 3 potions of invisibility
 l - 2 potions of berserk rage
 o - a potion of flight
 q - 8 potions of brilliance
 x - a potion of lignification
 z - 3 potions of attraction
 A - 3 potions of mutation
 F - 3 potions of cancellation
 K - a potion of might
Miscellaneous
 i - a condenser vane


   Skills:
 + Level 8.2 Fighting
 + Level 12.5 Short Blades
 + Level 1.1 Throwing
 + Level 8.1 Armour
 + Level 6.0 Dodging
 + Level 5.8 Stealth
 + Level 10.5 Shields


You had 12 spell levels left.
You didn't know any spells.
Your spell library contained the following spells:

 Spells                   Type           Power      Damage    Failure   Level
 Freeze                   Ice            0%         1d3       78%         1
 Magic Dart               Conj           0%         1d3       78%         1
 Blink                    Tloc           0%         N/A       89%         2
 Call Imp                 Summ           0%         N/A       89%         2
 Corpse Rot               Necr/Air       0%         N/A       89%         2
 Poisonous Vapours        Pois/Air       0%         N/A       89%         2
 Static Discharge         Conj/Air       0%         N/A       89%         2
 Frozen Ramparts          Ice            0%         1d2       98%         3
 Ignite Poison            Fire/Tmut/Pois 0%         N/A       98%         3
 Lesser Beckoning         Tloc           0%         N/A       98%         3
 Mephitic Cloud           Conj/Pois/Air  0%         N/A       98%         3
 Hailstorm                Conj/Ice       0%         3d3       100%        4
 Ice Form                 Ice/Tmut       0%         N/A       100%        4
 Leda's Liquefaction      Hex/Erth       0%         N/A       100%        4
 Summon Ice Beast         Ice/Summ       0%         N/A       100%        4
 Freezing Cloud           Conj/Ice/Air   0%         6-21      100%        5
 Lee's Rapid Deconstruct  Erth           0%         3d5*      100%        5
 Lightning Bolt           Conj/Air       0%         1d11      100%        5
 Manifold Assault         Tloc           0%         N/A       100%        5
 Statue Form              Tmut/Erth      0%         N/A       100%        6
 Maxwell's Capacitive Co  Air            0%         ∞         100%        8


Dungeon Overview and Level Annotations

Branches:
Dungeon (12/15)            Temple (1/1) D:4            Lair (5/6) D:9
 Shoals (0/4) Lair:2       Spider (0/4) Lair:4          Orc (0/2) D:10
Ossuary (visited)
  Slime: Lair:5-6

Altars:
Ashenzari
Cheibriados
Dithmenos
Elyvilon
Fedhas
Gozag
Hepliaklqana
Kikubaaqudgha
Makhleb
Nemelex Xobeh
Okawaru
Qazlal
Ru
Sif Muna
Trog
Uskayaw
Vehumet
Wu Jian
Xom
Yredelemnul
Zin
The Shining One

Shops:
D:1 ?   D:5 *   D:9 [[   D:11 ?

Annotations:
Lair:5 Rupert


Innate Abilities, Weirdness & Mutations

You have razor-sharp teeth.
Your natural rate of healing is unusually fast.
When hurt, damage is shared between your health and your magic reserves.
Your bite disrupts and absorbs the magic of your enemies.
Potions cannot restore your health.


Message History

You block the elephant's attack.
The elephant is engulfed in poison gas.
The elephant looks as sick as possible!
The elephant is engulfed in poison gas.
The elephant looks even sicker.
Flame seeps out of the elephant.
The elephant is engulfed in poison gas.
The elephant looks as sick as possible!
Flame seeps out of the elephant.
The elephant is engulfed in poison gas.
The elephant looks as sick as possible!
Unknown command.
Unknown command.
Unknown command.
Unknown command.
Unknown command.
Unknown command.
Flame seeps out of the elephant. x3; You block the water moccasin's attack.
The elephant is engulfed in poison gas.
The elephant is poisoned.
The elephant is engulfed in poison gas.
The elephant looks as sick as possible!
The elephant explodes!
The fiery explosion engulfs the elephant!!!
The fiery explosion engulfs you!!
The fiery explosion engulfs the elephant!!!
Flame seeps out of the elephant.
The elephant is severely wounded.
The fiery explosion engulfs the elephant!!!
Flame seeps out of the elephant.
The elephant is almost dead.
The elephant explodes!
The fiery explosion engulfs the elephant!!! x2
The fiery explosion engulfs the elephant!!
The elephant is almost dead.
The fiery explosion engulfs you!!!
* * * LOW HITPOINT WARNING * * *
The fiery explosion engulfs the elephant!!!
Flame seeps out of the elephant.
The elephant is severely wounded.
The elephant explodes!
The fiery explosion engulfs the elephant!!
You kill the elephant!
The fiery explosion engulfs the elephant!!!
The fiery explosion engulfs you!!
You die...
Your body crumbles into a pile of gold.

#..<.....#
##...$..####
####.§§§§§§☼...
...§§$$..§○○§§○P..
...○☼§§☼○§§○§§☼...
...§Y.Y§☼§☼§☼§§...
.Y.§§§§§§☼☼§☼§§$..
...§○Y§○§§☼§§§☼...
...§§○§☼§§@§§§§$##
..###○○☼§§S§§§○##
####...$..##
#.....$## #.$...##
P......# ..$...###
....... ......P


You could see 3 elephants and a water moccasin.

Vanquished Creatures
  Harold (D:9)
  3 hydras
  4 two-headed ogres
  A tengu warrior (D:12)
  A cyclops (D:12)
  14 elephants
  5 black mambas
  4 gargoyles
  Joseph (D:7)
  8 cane toads
  2 kobold demonologists
  An unseen horror (D:11)
  5 komodo dragons
  2 tengu conjurers (D:8)
  2 trolls
  A polar bear (Lair:1)
  A hornet (D:9)
  9 blink frogs
  A snapping turtle (Lair:2)
  29 yaks
  3 wraiths (D:11)
  A shadow (D:12)
  4 wyverns
  2 basilisks
  Menkaure (D:5)
  7 water moccasins
  3 ice beasts
  Duvessa (D:6)
  6 orc warriors
  2 sky beasts
  A black bear (Lair:4)
  3 ogres
  3 wolves (Lair:2)
  3 centaurs
  A phantom (D:5)
  7 kobold brigands
  10 bullfrogs
  5 scorpions
  5 water moccasin zombies (Ossuary)
  Dowan (D:6)
  21 killer bees
  6 howler monkeys
  2 vampire bats (Lair:1)
  2 hounds (D:6)
  A jelly (D:7)
  11 orc priests
  A gnoll shaman (D:6)
  Terence (D:3)
  An iguana (D:7)
  5 hell rats (Lair:4)
  11 orc wizards
  A statue (D:5)
  3 mummies
  3 gnolls (D:6)
  13 adders
  A shadow imp (D:6)
  A white imp (D:6)
  An ufetubus (D:4)
  4 adder zombies (Ossuary)
  A worm (D:2)
  A dart slug (D:1)
  27 orcs
  10 bats
  7 endoplasms
  2 giant cockroaches
  A gnoll zombie (Ossuary)
  5 goblins
  4 hobgoblins
  6 jackals
  32 kobolds
  3 quokkas
  3 ball pythons
  3 frilled lizards
  7 hobgoblin zombies (Ossuary)
  4 kobold zombies (Ossuary)
  2 orc zombies (Ossuary)
  4 rats
375 creatures vanquished.

Vanquished Creatures (others)
  A kobold demonologist (D:12)
  3 fungi
  5 plants
9 creatures vanquished.

Grand Total: 384 creatures vanquished

Notes
Turn   | Place    | Note
-------+----------+-------------------------------------------
     0 | D:1      | HendSelp the Vine Stalker Fighter began the quest for the
                  | Orb.
     0 | D:1      | Reached XP level 1. HP: 11/11 MP: 2/2
     0 | D:1      | Upgraded the game from 0.29-a0-369-gd956c00756 to
                  | 0.29-a0-375-g5102b3be25
    13 | D:1      | Found Fosias's Magic Scroll Boutique.
   338 | D:1      | Reached XP level 2. HP: 11/16 MP: 1/3
   890 | D:1      | Reached XP level 3. HP: 20/20 MP: 4/4
  1203 | D:2      | Found a faded altar of an unknown god.
  1320 | D:2      | Reached skill level 2 in Short Blades
  1490 | D:2      | Gained mutation: Your natural rate of healing is unusually
                  | fast. [Vine Stalker growth]
  1490 | D:2      | Reached XP level 4. HP: 21/24 MP: 5/5
  1978 | D:3      | Noticed a sky beast
  1996 | D:3      | Killed a sky beast
  1997 | D:3      | Reached XP level 5. HP: 28/28 MP: 4/6
  2196 | D:3      | Noticed Terence
  2214 | D:3      | Killed Terence
  2215 | D:3      | Reached skill level 3 in Short Blades
  2215 | D:3      | Reached skill level 1 in Dodging
  2654 | D:4      | Reached XP level 6. HP: 29/32 MP: 7/7
  2816 | D:4      | Found a staircase to the Ecumenical Temple.
  2896 | Temple   | Entered the Ecumenical Temple
  3021 | Temple   | Became a worshipper of Gozag Ym Sagoz the Greedy
  3208 | D:4      | Found a white marble altar of Elyvilon.
  3288 | D:5      | Entered Level 5 of the Dungeon
  3288 | D:5      | Found Xyphytib's Assorted Antiques.
  3294 | D:5      | Reached skill level 4 in Short Blades
  3294 | D:5      | Reached XP level 7. HP: 25/36 MP: 5/8
  3364 | D:5      | Found a sand-covered staircase.
  3432 | Ossuary  | Entered an ossuary
  3581 | Ossuary  | Reached skill level 5 in Short Blades
  3586 | Ossuary  | Gained mutation: You have razor-sharp teeth. [Vine Stalker
                  | growth]
  3586 | Ossuary  | Reached XP level 8. HP: 42/42 MP: 9/9
  3687 | Ossuary  | Identified the +8 morningstar of Saluih {drain, Will- Int+3
                  | Dex+4}
  3821 | D:5      | Found a radiant altar of Vehumet.
  3948 | D:5      | Noticed Menkaure
  3955 | D:5      | Killed Menkaure
  4031 | D:5      | Reached skill level 6 in Short Blades
  4285 | D:6      | Reached skill level 1 in Stealth
  4292 | D:6      | Reached XP level 9. HP: 25/46 MP: 5/10
  4359 | D:6      | Reached skill level 5 in Shields
  4528 | D:6      | Noticed Dowan
  4529 | D:6      | Noticed Duvessa
  4542 | D:6      | Reached skill level 7 in Short Blades
  4542 | D:6      | Reached skill level 5 in Armour
  4554 | D:6      | Killed Duvessa
  4564 | D:6      | Killed Dowan
  5040 | D:7      | Found a large runed translucent door.
  5412 | D:7      | Found a sacrificial altar of Ru.
  5446 | D:7      | Noticed a gargoyle
  5453 | D:7      | Killed a gargoyle
  5454 | D:7      | Reached skill level 5 in Fighting
  5454 | D:7      | Reached skill level 8 in Short Blades
  5564 | D:7      | Found a large runed translucent door.
  5625 | D:7      | Reached XP level 10. HP: 51/51 MP: 11/11
  5709 | D:7      | Noticed Joseph
  5731 | D:7      | Killed Joseph
  5876 | D:7      | Found a basalt altar of Yredelemnul.
  5890 | D:7      | Found a shimmering blue altar of Sif Muna.
  6035 | D:8      | Found a snail-covered altar of Cheibriados.
  6334 | D:8      | Found the +0 staff of Battle
  6603 | D:8      | Reached skill level 9 in Short Blades
  6800 | D:9      | Identified the +4 scale mail "Uvvur" {rPois Dex+2}
  6859 | D:9      | Found a staircase to the Lair.
  6909 | D:9      | Found a blossoming altar of Fedhas.
  6967 | D:9      | Reached XP level 11. HP: 34/56 MP: 12/12
  7077 | D:9      | Noticed Harold
  7095 | D:9      | Killed Harold
  7126 | D:9      | Identified the +2 robe "Ebimi" {Regen+ Dex+5}
  7333 | D:10     | Entered Level 10 of the Dungeon
  7522 | D:10     | Noticed a two-headed ogre
  7531 | D:10     | Killed a two-headed ogre
  7651 | D:10     | Found a glowing golden altar of the Shining One.
  7733 | D:10     | Found a glowing silver altar of Zin.
  7733 | D:10     | Found a burning altar of Makhleb.
  7733 | D:10     | Found a bloodstained altar of Trog.
  7737 | D:10     | Found a stormy altar of Qazlal.
  7738 | D:10     | Found a shimmering altar of Xom.
  7814 | D:10     | Reached skill level 10 in Short Blades
  7965 | D:10     | Found a staircase to the Orcish Mines.
  8175 | D:11     | Noticed a two-headed ogre
  8215 | D:11     | Killed a two-headed ogre
  8647 | D:11     | Reached skill level 5 in Dodging
  8710 | D:11     | Found Lahe's Magic Scroll Emporium.
  8882 | D:12     | Noticed a two-headed ogre
  8890 | D:12     | Killed a two-headed ogre
  8951 | D:12     | Noticed a five-headed hydra
  8965 | D:12     | Killed a five-headed hydra
  8966 | D:12     | Reached XP level 12. HP: 25/62 MP: 8/13
  9055 | D:12     | Noticed a two-headed ogre
  9065 | D:12     | Killed a two-headed ogre
  9117 | D:12     | Noticed a soul eater
  9463 | D:12     | HP: 3/63 [cyclops (17)]
  9607 | D:12     | Noticed a boulder beetle
  9689 | D:12     | Noticed a tengu warrior
  9716 | D:12     | Killed a tengu warrior
 10196 | D:9      | Bought the +0 pair of fencer's gloves {Riposte Dex+3} for
                  | 960 gold pieces
 10196 | D:9      | Found the +0 pair of fencer's gloves {Riposte Dex+3}
 10308 | Lair:1   | Entered Level 1 of the Lair of Beasts
 10316 | Lair:1   | Noticed a four-headed hydra
 10327 | Lair:1   | Killed a four-headed hydra
 10343 | Lair:1   | Reached skill level 11 in Short Blades
 10386 | D:9      | Reached skill level 1 in Throwing
 10825 | Lair:1   | Noticed a four-headed hydra
 10846 | Lair:1   | Killed a four-headed hydra
 11280 | Lair:2   | Reached XP level 13. HP: 57/68 MP: 11/14
 11415 | Lair:2   | Reached skill level 12 in Short Blades
 11415 | Lair:2   | Reached skill level 10 in Shields
 11559 | Lair:2   | Found a staircase to the Shoals.
 11924 | D:9      | Bought the +1 cloak of Starlight {*Dazzle EV+4 Stlth--} for
                  | 732 gold pieces
 11924 | D:9      | Found the +1 cloak of Starlight {*Dazzle EV+4 Stlth--}
 12449 | Lair:3   | Reached skill level 5 in Stealth
 13024 | Lair:4   | Found a hole to the Spider Nest.
 13946 | Lair:5   | Noticed Rupert
 13958 | Lair:5   | Killed by an exploding elephant... ignited by their inner
                  | flame

Illustrated notes

Levels and vault maps discovered:
D:1:      spicycebolla_arrival_xxxplode, layout_loops_cross, serial_shops,
          nicolae_shop_trees, minmay_pentomino_v2
D:2:      layout_rooms, shapermc_ecumenical_altar_notcrosses
D:3:      layout_loops_ring, serial_park_tiny_1, kennysheep_generic_room_3,
          uniq_terence
D:4:      layout_rooms, elyvilon_altar_5, minmay_temple_entry_overgrown
D:5:      layout_gridville, vehumet_statue, nicolae_ossuary_entry_plus,
          serial_shops, nicolae_stop_n_shop_2, shop, shop, uniq_menkaure
D:6:      layout_basic, uniq_duvessa
D:7:      layout_loops_ring, nicolae_ru_path_of_blood, jmf_multi_god_temple2,
          uniq_joseph
D:8:      layout_rooms, slow_altar_1, hellmonk_guarded_unrand_staff_of_battle
D:9:      layout_rooms, mainiacjoe_overflow_cross_hatched, dpeg_oklobed_lair,
          uniq_harold
D:10:     layout_roguey, nicolae_tso_swordbearing_angel, minitemple, orc_0_dummy
D:11:     layout_cave_pools, serial_shops, nicolae_shop_hallway_plus,
          st_stairs_11
D:12:     layout_irregular_city
Temple:   nicolae_temple_figure_zero
Lair:1:   layout_regular_city, roderic_batcave
Lair:2:   layout_misc_corridors, minmay_shoals_entry_hut,
          cheibrodos_lair_reptile_den, grunt_megastairs_5
Lair:3:   layout_gridlike, serial_bayou_pond_d, infiniplex_staircase_pool_2
Lair:4:   layout_concentric_octagons, dummy_spider_entry
Lair:5:   layout_hall_layers, basic_altar, serial_bayou_shore_b,
          grunt_megastairs_1, uniq_kirke, uniq_rupert

Skill      XL: |  1  2  3  4  5  6  7  8  9 10 11 12 13 |
---------------+----------------------------------------+-----
Fighting       | 3 4 5 6 7 8 |  8.2
Shields        | 3 4 6 7 8 9 10 | 10.5
Armour         | 3 4 5 6 7 8 |  8.1
Short Blades   | 2 3 4 5 6 8 9 10 11 12 | 12.5
Dodging        | 1 2 3 4 5 6 |  6.0
Stealth        | 1 2 3 4 5 |  5.8
Throwing       | 1 |  1.1

Action                   |  1- 3 |  4- 6 |  7- 9 | 10-12 | 13-15 || total
-------------------------+-------+-------+-------+-------+-------++-------
Melee: Rapier            |    77 |   122 |   415 |   963 |   302 ||  1879
       Bite              |    24 |    25 |   160 |   443 |   185 ||   837
Throw: Throwing net      |       |       |       |     5 |     1 ||     6
Invok: Call Merchant     |       |       |       |     2 |       ||     2
  Use: Scroll            |     5 |     7 |     4 |    14 |     4 ||    34
       Potion            |       |     2 |     2 |     2 |     1 ||     7
 Stab: Distracted        |       |       |     1 |     1 |     1 ||     3
       Held in net/web   |       |       |       |     4 |       ||     4
       Sleeping          |       |       |       |     1 |     2 ||     3
       Invisible         |       |       |       |       |    11 ||    11
Armor: Scale mail        |    22 |    45 |   113 |   249 |    66 ||   495
       Skin              |       |    25 |       |       |       ||    25
Dodge: Dodged            |    21 |    54 |   166 |   417 |   158 ||   816
Block: Buckler           |    31 |    84 |   196 |   544 |   160 ||  1015
       Reflection        |       |       |     3 |    11 |       ||    14
       Rpst.: Rapier     |       |       |       |    35 |    42 ||    77

Table legend: (Time is in decaauts)
 A = Elapsed time spent in this place.
 B = Non-inter-level travel time spent in this place.
 C = Inter-level travel time spent in this place.
 D = Time resting spent in this place.
 E = Time spent auto-exploring this place.
 F = Levels seen in this place.
 G = Mean time per level.
                   A        B        C        D        E       F      G
               +--------+--------+--------+--------+--------+-----+--------+
         Total |  13603 |  12755 |    848 |    703 |   9155 |  19 |  715.9 |
       Dungeon |   9836 |   9231 |    605 |    692 |   6354 |  12 |  819.7 |
        Temple |    138 |    115 |     23 |      0 |    112 |   1 |  138.0 |
          Lair |   3361 |   3142 |    219 |      0 |   2562 |   5 |  672.2 |
       Ossuary |    266 |    266 |      0 |     11 |    127 |   1 |  266.0 |
               +--------+--------+--------+--------+--------+-----+--------+

Top non-repeatable levels by time:
    D:12: 1160 daAuts
     D:1: 1124 daAuts
  Lair:4: 1057 daAuts
     D:3: 998 daAuts
     D:7: 987 daAuts
    D:10: 943 daAuts
     D:9: 909 daAuts
  Lair:1: 897 daAuts
  Lair:3: 816 daAuts
     D:6: 757 daAuts
     D:8: 658 daAuts
    D:11: 648 daAuts
     D:5: 599 daAuts
  Lair:2: 578 daAuts
     D:4: 525 daAuts
